 Seeded DCSS version 0.28-a0-1080-g05a166d0ed (webtiles) character file.

Game seed: 114418 (custom seed)

10 ZenithNebula the Magician (level 2, 0/21 HPs)
             Began as a Djinni Summoner on Dec 9, 2021.
             Was a Follower of Qazlal.
             Slain by a jackal (2 damage)
             ... on level 1 of the Dungeon.
             The game lasted 00:05:37 (217 turns).

ZenithNebula the Magician (Djinni Summoner)          Turns: 217, Time: 00:05:37

Health: 0/21       AC:  2    Str:  7    XL:     2   Next: 30%
Gold:   0          EV: 12    Int: 16    God:    Qazlal [*.....] SH:  1 Dex: 13

rFire   + + .      SeeInvis .   c - +0 spear
rCold   x . .      Faith    .   (no shield)
rNeg    . . .      Spirit   .   a - +0 robe
rPois   ∞          Reflect  .   (no helmet)
rElec   .          Harm     .   (no cloak)
rCorr   .          Rampage  .   (no gloves)
Will    .....                   (boots unavailable)
Stlth   ++........              (no amulet)
HPRegen 0.07/turn               (no ring)
MPRegen 0.00/turn               (no ring)

@: flying
A: sickness immunity, fire resistance 2, cold vulnerability 1, float, innate
caster, hp casting, extra vitality 1
a: Renounce Religion


You were on level 1 of the Dungeon.
You worshipped Qazlal.
Qazlal was aware of your devotion.
You visited 1 branch of the dungeon, and saw 1 of its levels.

Inventory:

Hand Weapons
 c - a +0 spear (weapon)
 d - a +0 dagger
Missiles
 b - 18 bolts
Armour
 a - a +0 robe (worn)


   Skills:
 + Level 2.2 Dodging
 + Level 1.5 Stealth
 + Level 3.6 Spellcasting


You couldn't memorise any spells.
You knew the following spells:

 Your Spells              Type           Power      Damage    Failure   Level
a - Summon Small Mammal   Summ           56%        N/A       4%          1
b - Call Imp              Summ           14%        N/A       6%          2
c - Call Canine Familiar  Summ           14%        N/A       12%         3
d - Summon Guardian Gole  Hex/Summ       14%        N/A       12%         3
e - Summon Lightning Spi  Summ/Air       14%        N/A       36%         4
Your spell library was empty.

Dungeon Overview and Level Annotations

Branches:
Dungeon (1/15)

Altars:
Qazlal


Innate Abilities, Weirdness & Mutations

You are immune to sickness and miasma.
You are immune to poison.
Your flesh is very heat resistant. (rF++)
You are vulnerable to cold. (rC-)
You float through the air rather than walking.
You learn spells naturally, not from books.
Your magical power is your life essence.
You have superior vitality. (+4 HP)


Message History

Okay, then.
Unknown command.
The endoplasm barely misses your rat.
Your rat bites the endoplasm.
The endoplasm dies!
Qazlal accepts your kill.
c - a +0 spear (weapon)
The jackal closely misses your quokka. The jackal barely misses your quokka.
The jackal bites your rat.
Your rat dies!
Your rat's corpse disappears in a puff of smoke!
Your quokka bites the jackal.
The jackal bites your quokka.
Your quokka bites the jackal but does no damage.
The jackal bites your quokka but does no damage.
You closely miss the jackal. The jackal bites you.
The jackal barely misses your quokka.
Your quokka closely misses the jackal.
The jackal barely misses you. The jackal barely misses your quokka.
Your quokka closely misses the jackal.
The jackal barely misses you. The jackal closely misses your quokka.
Your quokka barely misses the jackal.
You barely miss the jackal. The jackal bites you.
The jackal barely misses your quokka. The jackal misses you.
Your quokka bites the jackal.
The jackal barely misses you. The jackal closely misses your quokka.
The jackal barely misses you. The jackal bites you.
Your quokka bites the jackal.
The jackal dies!
Qazlal accepts your kill.
You hit the jackal.
You kill the jackal!
Qazlal accepts your kill. The jackal bites you.
* * * LOW HITPOINT WARNING * * *
The jackal bites you.
* * * LOW HITPOINT WARNING * * *
The jackal bites you but does no damage.
You hit the jackal.
The jackal is moderately wounded.
The jackal bites you.
You die...

#.^.........#
######....####.###
#....##...# #.#
....#...## #.#
...##...# #.#
#####.##...###.#
.......#....##.#
###..hr...#...
#...@h..._#...
##..#.....##...
#..#.....##...
#..#....###.J..
#..#....#
#..#...## #.##...#
#.#...## #...


You could see 2 jackals and a friendly quokka (summoned).

Vanquished Creatures
  A dart slug (D:1)
  A giant cockroach (D:1)
  A jackal (D:1)
3 creatures vanquished.

Vanquished Creatures (collateral kills)
  An endoplasm (D:1)
  A goblin (D:1)
  A jackal (D:1)
  A frilled lizard (D:1)
4 creatures vanquished.

Grand Total: 7 creatures vanquished

Notes
Turn   | Place    | Note
-------+----------+-------------------------------------------
     0 | D:1      | ZenithNebula the Djinni Summoner began the quest for the
                  | Orb.
     0 | D:1      | Reached XP level 1. HP: 15/15 MP: 0/0
   186 | D:1      | Found a faded altar of an unknown god.
   197 | D:1      | Prayed at the altar of an unknown god.
   197 | D:1      | Became a worshipper of Qazlal Stormbringer
   197 | D:1      | Reached * piety under Qazlal
   200 | D:1      | Reached XP level 2. HP: 19/21 MP: 0/0
   217 | D:1      | Slain by a jackal

Illustrated notes

Levels and vault maps discovered:
D:1:      dpeg_arrival_simpleton_b, layout_basic,
          hellmonk_ecumenical_altar_zigzags, serial_curves, eino_curves_01,
          eino_curves_01

Action                   || total
-------------------------++-------
Melee: Unarmed           ||    13
       Spear             ||     4
 Cast: Summon Small Mamm ||     7
Armor: Robe              ||     4
Dodge: Dodged            ||    13

Table legend: (Time is in decaauts)
 A = Elapsed time spent in this place.
 B = Non-inter-level travel time spent in this place.
 C = Inter-level travel time spent in this place.
 D = Time resting spent in this place.
 E = Time spent auto-exploring this place.
 F = Levels seen in this place.
 G = Mean time per level.
                   A        B        C        D        E       F      G
               +--------+--------+--------+--------+--------+-----+--------+
         Total |    216 |    178 |     38 |      0 |     88 |   1 |  216.0 |
       Dungeon |    216 |    178 |     38 |      0 |     88 |   1 |  216.0 |
               +--------+--------+--------+--------+--------+-----+--------+

Top non-repeatable levels by time:
     D:1: 216 daAuts
